[ AOE2 MATCH · #507834122 ]
UnrankedSicilians vs Wei
Player's team · WIN
Rival team · LOSS
[ REPLAY ANALYSIS · EXTRACTED FROM THE RECORDED GAME ]
Feudal
9:27
Castle
—
Imperial
—
| APM avg | 82.5 |
| APM peak | 134 |
| eAPM avg | 31.5 |
| Villagers / military | 62 / 15 |
Focus
⚔️ 33.8% · 🌾 66.2%
Serjeant ×15
Feudal
8:52
Castle
—
Imperial
—
| APM avg | 46.4 |
| APM peak | 88 |
| eAPM avg | 18.2 |
| Villagers / military | 39 / 10 |
Focus
⚔️ 25.5% · 🌾 74.5%
Archer ×8 · Scout Cavalry ×2
Match map
Initial resources + every placement click. Lines = walls · curves = elevation contours. ◆ gold · ⬟ stone · ● berries · ✦ relic · ◌ wall gap
Your base· Open — unwalled flank
Jackdaw's base· Open — unwalled flank
Smoothed initial terrain · ◌ = detected wall gap · hover for details
Inputs per minute
— Im_16Years_Old_IamCaPte - - Jackdaw
Build order — Im_16Years_Old_IamCaPte
119 actions detected in the replay
| 0:00 | Queue | Villager (Male) |
| 0:00 | Queue | Villager (Male) |
| 0:00 | Queue | Villager (Male) |
| 0:01 | Build | House |
| 0:02 | Build | House |
| 0:11 | Queue | Villager (Male) |
| 1:10 | Queue | Villager (Male) |
| 1:10 | Queue | Villager (Male) |
| 1:41 | Queue | Villager (Male) |
| 1:41 | Queue | Villager (Male) |
| 1:42 | Queue | Villager (Male) |
| 2:14 | Queue | Villager (Male) |
| 2:15 | Queue | Villager (Male) |
| 2:17 | Build | Lumber Camp |
| 2:31 | Build | Lumber Camp |
| 2:47 | Queue | Villager (Male) |
| 2:47 | Queue | Villager (Male) |
| 2:48 | Queue | Villager (Male) |
| 2:48 | Queue | Villager (Male) |
| 2:49 | Queue | Villager (Male) |
| 3:15 | Queue | Villager (Male) |
| 3:15 | Queue | Villager (Male) |
| 3:23 | Build | House |
| 3:28 | Build | House |
| 3:53 | Queue | Villager (Male) |
| 3:53 | Queue | Villager (Male) |
| 3:53 | Queue | Villager (Male) |
| 3:54 | Queue | Villager (Male) |
| 4:12 | Queue | Villager (Male) |
| 4:12 | Queue | Villager (Male) |
| 4:45 | Queue | Villager (Male) |
| 4:45 | Queue | Villager (Male) |
| 4:46 | Queue | Villager (Male) |
| 5:12 | Build | Mill |
| 5:18 | Queue | Villager (Male) |
| 5:19 | Queue | Villager (Male) |
| 5:19 | Queue | Villager (Male) |
| 5:27 | Queue | Villager (Male) |
| 5:27 | Queue | Villager (Male) |
| 5:28 | Queue | Villager (Male) |
| 6:26 | Build | Mining Camp |
| 6:46 | Research | Loom |
| 7:18 | Research | Feudal Age |
| 7:18 | Research | Feudal Age |
| 7:18 | Research | Feudal Age |
| 8:36 | Queue | Villager (Male) |
| 8:47 | Build | Mining Camp |
| 8:53 | Build | Donjon |
| 9:04 | Build | Palisade Wall |
| 9:05 | Build | Palisade Wall |
| 9:27 | Age | Feudal Age |
| 9:29 | Queue | Villager (Male) |
| 9:31 | Research | Town Watch |
| 9:33 | Research | Town Watch |
| 9:33 | Research | Town Watch |
| 9:37 | Build | Blacksmith |
| 9:50 | Queue | Serjeant |
| 9:50 | Queue | Serjeant |
| 9:50 | Queue | Serjeant |
| 9:52 | Build | House |
| 9:55 | Queue | Villager (Male) |
| 10:22 | Queue | Serjeant |
| 10:40 | Queue | Villager (Male) |
| 10:50 | Queue | Villager (Male) |
| 10:50 | Queue | Villager (Male) |
| 10:51 | Queue | Villager (Male) |
| 11:02 | Build | House |
| 11:31 | Build | Donjon |
| 11:53 | Queue | Villager (Male) |
| 11:53 | Queue | Villager (Male) |
| 11:53 | Queue | Villager (Male) |
| 11:54 | Build | Farm |
| 11:55 | Build | Farm |
| 11:56 | Build | Farm |
| 11:57 | Build | Farm |
| 12:22 | Queue | Villager (Male) |
| 12:23 | Queue | Villager (Male) |
| 12:23 | Queue | Villager (Male) |
| 12:24 | Build | Farm |
| 12:27 | Build | House |
| 12:57 | Build | Donjon |
| 13:03 | Queue | Villager (Male) |
| 13:03 | Queue | Villager (Male) |
| 13:03 | Queue | Villager (Male) |
| 13:04 | Queue | Villager (Male) |
| 13:27 | Queue | Serjeant |
| 13:43 | Queue | Serjeant |
| 13:54 | Build | Mill |
| 14:10 | Queue | Villager (Male) |
| 14:10 | Queue | Villager (Male) |
| 14:10 | Queue | Villager (Male) |
| 14:12 | Build | Farm |
| 14:52 | Queue | Villager (Male) |
| 14:53 | Queue | Villager (Male) |
| 14:53 | Queue | Villager (Male) |
| 15:03 | Build | Farm |
| 15:19 | Queue | Serjeant |
| 15:21 | Queue | Serjeant |
| 15:21 | Queue | Serjeant |
| 15:35 | Queue | Villager (Male) |
| 15:35 | Queue | Villager (Male) |
| 15:36 | Build | Farm |
| 15:53 | Queue | Serjeant |
| 16:09 | Build | Donjon |
| 16:23 | Queue | Serjeant |
| 16:44 | Queue | Villager (Male) |
| 16:44 | Queue | Villager (Male) |
| 16:46 | Build | Farm |
| 16:49 | Build | House |
| 17:00 | Research | Scale Mail Armor |
| 17:00 | Research | Scale Mail Armor |
| 17:00 | Research | Scale Mail Armor |
| 17:00 | Research | Forging |
| 17:11 | Queue | Serjeant |
| 17:18 | Queue | Villager (Male) |
| 17:40 | Queue | Villager (Male) |
| 17:57 | Queue | Serjeant |
| 17:57 | Queue | Serjeant |
| 18:17 | Queue | Serjeant |
Build order — Jackdaw
96 actions detected in the replay
| 0:00 | Queue | Villager (Male) |
| 0:01 | Queue | Villager (Male) |
| 0:01 | Queue | Villager (Male) |
| 0:02 | Queue | Villager (Male) |
| 0:03 | Build | House |
| 0:05 | Build | House |
| 1:24 | Queue | Villager (Male) |
| 1:45 | Build | Mill |
| 1:54 | Queue | Villager (Male) |
| 2:25 | Queue | Villager (Male) |
| 2:56 | Queue | Villager (Male) |
| 2:59 | Build | House |
| 3:11 | Queue | Villager (Male) |
| 3:27 | Queue | Villager (Male) |
| 4:06 | Queue | Villager (Male) |
| 4:14 | Queue | Villager (Male) |
| 4:39 | Queue | Villager (Male) |
| 4:50 | Queue | Villager (Male) |
| 5:07 | Queue | Villager (Male) |
| 5:08 | Research | Loom |
| 5:37 | Build | Lumber Camp |
| 6:29 | Research | Feudal Age |
| 7:12 | Build | House |
| 7:34 | Queue | Villager (Male) |
| 8:04 | Build | Barracks |
| 8:52 | Age | Feudal Age |
| 9:03 | Queue | Villager (Male) |
| 9:07 | Build | Stable |
| 9:30 | Queue | Villager (Male) |
| 9:33 | Build | House |
| 9:37 | Queue | Villager (Male) |
| 9:43 | Research | Double-Bit Axe |
| 9:53 | Queue | Scout Cavalry |
| 9:54 | Queue | Scout Cavalry |
| 10:00 | Build | House |
| 10:07 | Queue | Villager (Male) |
| 10:12 | Build | Mill |
| 10:32 | Queue | Villager (Male) |
| 10:35 | Build | House |
| 10:36 | Build | House |
| 10:47 | Build | House |
| 10:53 | Queue | Villager (Male) |
| 11:13 | Queue | Villager (Male) |
| 11:29 | Build | Farm |
| 12:11 | Build | Farm |
| 12:25 | Queue | Villager (Male) |
| 12:45 | Queue | Villager (Male) |
| 12:58 | Queue | Villager (Male) |
| 13:11 | Build | Watch Tower |
| 13:27 | Queue | Villager (Male) |
| 13:33 | Build | Mining Camp |
| 13:42 | Build | Farm |
| 13:57 | Queue | Villager (Male) |
| 14:09 | Build | Archery Range |
| 14:12 | Build | Farm |
| 14:14 | Queue | Villager (Male) |
| 14:24 | Build | Farm |
| 14:31 | Queue | Villager (Male) |
| 14:48 | Build | House |
| 14:50 | Build | House |
| 14:51 | Build | Palisade Wall |
| 14:54 | Build | Palisade Wall |
| 14:55 | Build | Palisade Wall |
| 14:57 | Build | Palisade Wall |
| 14:59 | Build | House |
| 15:03 | Build | Palisade Wall |
| 15:05 | Build | Palisade Wall |
| 15:11 | Build | Palisade Wall |
| 15:14 | Build | Palisade Wall |
| 15:15 | Build | Palisade Wall |
| 15:18 | Build | House |
| 15:20 | Build | House |
| 15:22 | Queue | Villager (Male) |
| 15:28 | Queue | Archer |
| 15:28 | Queue | Archer |
| 15:42 | Queue | Archer |
| 15:43 | Queue | Villager (Male) |
| 15:58 | Queue | Villager (Male) |
| 16:07 | Queue | Archer |
| 16:09 | Queue | Villager (Male) |
| 16:15 | Build | Market |
| 16:19 | Build | Palisade Wall |
| 16:21 | Build | Palisade Wall |
| 16:23 | Build | Palisade Wall |
| 16:24 | Build | Palisade Wall |
| 16:36 | Queue | Archer |
| 16:37 | Queue | Villager (Male) |
| 17:02 | Build | Palisade Wall |
| 17:06 | Queue | Villager (Male) |
| 17:11 | Queue | Archer |
| 17:12 | Queue | Villager (Male) |
| 17:15 | Build | Farm |
| 17:21 | Queue | Villager (Male) |
| 17:58 | Queue | Archer |
| 17:58 | Queue | Archer |
| 18:05 | Queue | Villager (Male) |
Match timeline
| 8:04 | Jackdaw · first_building Barracks |
| 8:52 | Jackdaw · age_up feudal |
| 8:53 | Im_16Years_Old_IamCaPte · first_building Donjon |
| 9:04 | Im_16Years_Old_IamCaPte · wall_segment Palisade Wall x1 |
| 9:05 | Im_16Years_Old_IamCaPte · wall_segment Palisade Wall x1 |
| 9:07 | Jackdaw · first_building Stable |
| 9:27 | Im_16Years_Old_IamCaPte · age_up feudal |
| 14:09 | Jackdaw · first_building Archery Range |
| 14:51 | Jackdaw · wall_segment Palisade Wall x1 |
| 14:54 | Jackdaw · wall_segment Palisade Wall x1 |
| 14:55 | Jackdaw · wall_segment Palisade Wall x1 |
| 14:57 | Jackdaw · wall_segment Palisade Wall x1 |
| 15:03 | Jackdaw · wall_segment Palisade Wall x1 |
| 15:05 | Jackdaw · wall_segment Palisade Wall x1 |
| 15:11 | Jackdaw · wall_segment Palisade Wall x4 |
| 15:14 | Jackdaw · wall_segment Palisade Wall x1 |
| 15:15 | Jackdaw · wall_segment Palisade Wall x1 |
| 16:19 | Jackdaw · wall_segment Palisade Wall x1 |
| 16:21 | Jackdaw · wall_segment Palisade Wall x1 |
| 16:23 | Jackdaw · wall_segment Palisade Wall x1 |
| 16:24 | Jackdaw · wall_segment Palisade Wall x1 |
| 17:02 | Jackdaw · wall_segment Palisade Wall x1 |
| 18:21 | Jackdaw · resign |
[ AI ANALYSIS · 1 CREDIT ]
What really happened in this match?
Wolo.gg analyzes every decision: build order, eco, micro, common mistakes by bracket. Personalized analysis on WhatsApp or Discord in 30 seconds.
Civ guide
Sicilians
Perfil
Jugador #25672067